 Dungeon Crawl Stone Soup version 0.30-a0-571-gdf30a72648 (webtiles) character file.

Game seed: 32932851920507794

228 wormed the Shooter (level 5, 0/27 HPs)
             Began as a Spriggan Hunter on Dec 30, 2022.
             Succumbed to an adder's poison
             ... on level 4 of the Dungeon.
             The game lasted 00:03:39 (2782 turns).

wormed the Shooter (Spriggan Hunter)                Turns: 2782, Time: 00:03:40

Health: 0/27       AC:  2    Str:  7    XL:     5   Next: 70%
Magic:  6/6        EV: 19    Int: 10    God:
Gold:   197        SH:  0    Dex: 21    Spells: 4/4 levels left

rFire   . . .      SeeInvis +    a - +0 shortbow
rCold   . . .      Faith    .    (shield currently unavailable)
rNeg    . . .      Spirit   .    c - +0 robe
rPois   .          Reflect  .    (helmet restricted)
rElec   .          Harm     .    (no cloak)
rCorr   .          Rampage  .    (gloves unavailable)
Will    .....                    (boots unavailable)
Stlth   +++                      (no amulet)
HPRegen 0.24/turn                (no ring)
MPRegen 0.10/turn                (no ring)

@: lethally poisoned (0 -> -5), very quick
A: very small, no large weapons, unfitting armour, see invisible, speed 3
a: no special abilities


You were on level 4 of the Dungeon.
You visited 1 branch of the dungeon, and saw 4 of its levels.

You collected 197 gold pieces.

Inventory:

Hand Weapons
 a - a +0 shortbow (weapon)
Armour
 c - a +0 robe (worn)
Jewellery
 n - a ring of resist corrosion
Wands
 l - a wand of polymorph (10)
 r - a wand of roots (8)
Scrolls
 b - 2 scrolls of immolation
 d - 4 scrolls of teleportation {unknown}
 h - 4 scrolls of identify {unknown}
 m - a scroll of fog {unknown}
 p - a scroll of fear {unknown}
Potions
 e - a potion of invisibility {unknown}
 f - 4 potions of curing
 g - a potion of flight {unknown}
 i - a potion of magic {unknown}
 j - a potion of brilliance {unknown}
 k - a potion of degeneration {unknown}
 o - 2 potions of attraction {unknown}
 q - a potion of resistance {unknown}
 s - a potion of berserk rage {unknown}


   Skills:
 + Level 2.6 Fighting
 * Level 5.4 Ranged Weapons
 + Level 4.1 Dodging
 + Level 4.2 Stealth


You had 4 spell levels left.
You didn't know any spells.
Your spell library was empty.

Dungeon Overview and Level Annotations

Branches:
Dungeon (4/15)
 Temple: D:4-7

Altars:
Gozag

Shops:
D:2 [   D:4 (


Innate Abilities, Weirdness & Mutations

You are very small and have problems with some larger weapons.
You are too small for most types of armour.
You have supernaturally acute eyesight. (SInv)
You cover ground extremely quickly. (Speed+++)


Message History

The adder completely misses you.
You shoot an arrow. The arrow closely misses the adder.
The adder barely misses you. The adder closely misses you.
You shoot an arrow. The arrow misses the adder.
The adder closely misses you.
An orc wizard comes into view. It is wielding a +3 dagger.
The adder closely misses you.
You shoot an arrow. The orc wizard shouts!
The arrow hits the orc wizard but does no damage.
The orc wizard barely misses you. The adder misses you.
You shoot an arrow.
The arrow closely misses the orc wizard.
The adder barely misses you.
An orc comes into view. It is wielding a +0 hand axe.
The orc wizard hits you with a +0 dagger.
The adder bites you.
The orc wizard hits you with a +0 dagger.
You shoot an arrow. The arrow barely misses the orc wizard.
The orc shouts!
The arrow hits the orc.
The orc is almost dead.
The adder barely misses you.
The orc drinks a potion.
The orc is healed!
The orc wizard hits you with a +0 dagger.
You shoot an arrow. The arrow closely misses the adder.
The arrow hits the orc wizard but does no damage.
You shoot an arrow. The arrow hits the adder.
The adder is moderately wounded.
The adder completely misses you.
You shoot an arrow. The arrow hits the adder.
The adder is almost dead.
The adder bites you.
You are poisoned.
The adder poisons you! The adder barely misses you.
You feel sick.
The orc wizard mumbles some strange words.
The orc wizard flickers and vanishes for a moment.
The orc wizard points at you and mumbles some strange words.
The puff of flame hits you!
* * * LOW HITPOINT WARNING * * *
You die...

.............#####.#
....................# #.#
....................# #.#
....................# #.#
...............(....#####.#####
...............).........[....#
............................#.#
...........................<#.#
..........o..S..@...........#.#
............o.................#
............................#####
.......^...............#........#
...........................####.#
...........................# #.#
..........................[####.#
.............................##.#
........(..................#.##.#


You could see 2 orc wizards and an adder.

Vanquished Creatures
  A necrophage (D:4)
  Ijyb (D:3)
  5 adders
  3 gnolls (D:3)
  2 dart slugs
  6 bats
  6 endoplasms
  5 giant cockroaches
  13 goblins
  4 hobgoblins
  A quokka (D:1)
  3 ball pythons
  4 frilled lizards
  5 kobolds
  7 rats
66 creatures vanquished.

Notes
Turn   | Place    | Note
-------+----------+-------------------------------------------
     0 | D:1      | wormed the Spriggan Hunter began the quest for the Orb.
     0 | D:1      | Reached XP level 1. HP: 10/10 MP: 2/2
    69 | D:1      | Reached XP level 2. HP: 15/15 MP: 3/3
   577 | D:1      | Reached XP level 3. HP: 18/18 MP: 4/4
   813 | D:2      | Found Ejifuhai's Antique Armour Shop.
  1043 | D:2      | Reached XP level 4. HP: 23/23 MP: 5/5
  1115 | D:2      | Identified the +9 spear "Jellybane" {holy, Str+5}
  1491 | D:3      | Noticed Ijyb
  1801 | D:3      | Reached skill level 5 in Ranged Weapons
  1923 | D:3      | Found an opulent altar of Gozag.
  2336 | D:3      | Killed Ijyb
  2337 | D:3      | Reached XP level 5. HP: 19/27 MP: 6/6
  2497 | D:4      | Found Fuefis's Antique Weapon Emporium.
  2574 | D:4      | Identified the +0 helmet of the Candlemaker {Will+}
  2781 | D:4      | HP: 1/27 [orc wizard/puff of flame (13)]
  2782 | D:4      | Succumbed to an adder's poison

Illustrated notes

Levels and vault maps discovered:
D:1:      minmay_arrival_up_and_down, layout_loops_corners, st_stairs_1
D:2:      layout_basic, serial_shops, shop
D:3:      layout_basic, grunt_gozag_breadcrumbs, uniq_ijyb
D:4:      layout_basic, serial_shops, shop

Skill      XL: |  1  2  3  4  5 |
---------------+----------------+-----
Stealth        | 2 3 4 |  4.2
Dodging        | 3 4 |  4.1
Fighting       | 2 |  2.6
Ranged Weapons | 5 |  5.4

Action                   |  1- 3 |  4- 6 || total
-------------------------+-------+-------++-------
 Fire: Shortbow          |    89 |   102 ||   191
Armor: Robe              |     2 |     2 ||     4
Dodge: Dodged            |    18 |    31 ||    49

Table legend: (Time is in decaauts)
 A = Elapsed time spent in this place.
 B = Non-inter-level travel time spent in this place.
 C = Inter-level travel time spent in this place.
 D = Time resting spent in this place.
 E = Time spent auto-exploring this place.
 F = Levels seen in this place.
 G = Mean time per level.
                   A        B        C        D        E       F      G
               +--------+--------+--------+--------+--------+-----+--------+
         Total |   1868 |   1761 |    107 |      0 |   1332 |   4 |  467.0 |
       Dungeon |   1868 |   1761 |    107 |      0 |   1332 |   4 |  467.0 |
               +--------+--------+--------+--------+--------+-----+--------+

Top non-repeatable levels by time:
     D:3: 718 daAuts
     D:1: 533 daAuts
     D:2: 408 daAuts
     D:4: 207 daAuts
